 Dungeon Crawl Stone Soup version 0.22-a0-433-gd2a9cce0b5 (webtiles) character file.

1979 Oravi the Martial Artist (level 9, -4/59 HPs)
             Began as a Merfolk Transmuter on May 29, 2018.
             Was a Believer of Okawaru.
             Slain by a yak (13 damage)
             ... on level 6 of the Dungeon.
             The game lasted 00:13:25 (5936 turns).

Oravi the Martial Artist (Merfolk Transmuter)       Turns: 5936, Time: 00:13:26

Health: -4/59      AC:  2    Str: 10    XL:     9   Next: 20%
Magic:  5/12       EV: 34    Int: 15    God:    Okawaru [**....]
Gold:   331        SH:  0    Dex: 20    Spells: 6/12 levels left

rFire    . . .     SeeInvis .     - Unarmed
rCold    . . .     Gourm    .   (shield currently unavailable)
rNeg     . . .     Faith    .   (armour currently unavailable)
rPois    x         Spirit   .   (helmet currently unavailable)
rElec    .         Reflect  .   (cloak currently unavailable)
rCorr    .         Harm     .   (gloves currently unavailable)
MR       +....                  (boots currently unavailable)
Stlth    +++.......             (no amulet)
HPRegen  0.19/turn              e - ring of protection from magic
MPRegen  0.13/turn              (no ring)

@: spider-form, heroism
A: tiny, (change form in water), (swift swim), (stealthy swim)
a: End Transformation, Heroism, Renounce Religion


You were on level 6 of the Dungeon.
You worshipped Okawaru.
Okawaru was pleased with you.
You were near starving.
You were a venomous arachnid creature.
You visited 1 branch of the dungeon, and saw 7 of its levels.

You collected 369 gold pieces.
You spent 38 gold pieces at shops.

Inventory:

Missiles
 a - 110 arrows
Armour
 b - a +0 robe (melded)
Jewellery
 e - a ring of protection from magic (left front leg)
 i - a cursed ring of teleportation {unknown}
Wands
 t - a wand of polymorph (5)
Scrolls
 c - 3 scrolls of enchant armour {unknown}
 g - 4 scrolls of remove curse {unknown}
 h - a scroll of enchant weapon {unknown}
 j - a scroll of immolation {unknown}
 m - a scroll of fear {unknown}
 n - a scroll of amnesia {unknown}
 o - a scroll of random uselessness {unknown}
 p - 3 scrolls of magic mapping
 q - a scroll of blinking {unknown}
 r - 7 scrolls of identify {unknown}
 s - 2 scrolls of teleportation {unknown}
Potions
 f - a potion of curing {unknown}
 k - 2 potions of brilliance {unknown}
 l - 2 potions of haste {unknown}
 u - a potion of flight {unknown}
 v - a potion of heal wounds {unknown}
 w - a potion of degeneration {unknown}
Comestibles
 d - 8 rations


   Skills:
 - Level 1.1(6.1) Fighting
 + Level 8.3(13.3) Dodging
 * Level 9.8(14.8) Unarmed Combat
 + Level 2.4 Spellcasting
 - Level 6.0 Transmutations
 - Level 3.0 Poison Magic


You had 6 spell levels left.
You knew the following spells:

 Your Spells              Type           Power        Failure   Level  Hunger
a - Spider Form           Tmut/Pois      ###.......   24%         3    ###....
b - Sticks to Snakes      Tmut           ###.....     10%         2    ###....
c - Beastly Appendage     Tmut           ###...       8%          1    #......

Your spell library contained the following spells:

 Spells                   Type           Power        Failure   Level  Hunger
 Blade Hands              Tmut           ###.......   65%         5    ######.
 Ice Form                 Ice/Tmut       ##......     73%         4    #####..


Dungeon Overview and Level Annotations

Branches:
Dungeon (7/15)
 Temple: D:4-7

Altars:
Ashenzari
Gozag
Okawaru
Qazlal
Trog
Uskayaw
Wu Jian
Xom
Zin
The Shining One

Shops:
D:4 *

Annotations:
D:4 1 runed door
D:6 kusayu's ghost, novice GrGl


Message History

You climb upwards.
Level annotation: kusayu's ghost, novice GrGl
There is a stone staircase leading down here.
Casting: Spider Form (safe; 10% risk of failure)
Confirm with . or Enter, or press ? or * to list all spells.
You turn into a venomous arachnid creature.
Your +0 robe melds into your body.
You are near starving!
The yak gores you!
* * * LOW HITPOINT WARNING * * *
Okay, then.
You gain the combat prowess of a mighty hero.
The yak completely misses you.
You bite the yak!
The yak is poisoned.
The yak is moderately wounded.
The yak completely misses you.
You bite the yak!
The yak is severely wounded.
The yak gores you!
You die...

.......# #.....#..##.............
.......# #.....#..##.##.########.
..####.# #.........#.##.########.
..# #.# #..#..#.................
..####.###.........#.##<###.##.#.
............#..#...#.######.##.#.
..#.........#...............##.#.
..#.##.......#...Y...............
................s.##.#########.#.
...........#.#.#.................
....##.##..#.#.#.###.####.##.#.##
....##.##..#.#...........S...#.##
....##.##....###.###.......#.#.##
.........#.### #.# #...W...#.#.##
###..###.#.#####.###..#......#.##
.##..# #.#............#.#..#.#.##
.##..# #.#######.####.#.#..#.#.##


You could see a yak.

Vanquished Creatures
  A hippogriff (D:5)
  A yak (D:7)
  An orc warrior (D:6)
  3 ogres
  A phantom (D:6)
  2 bullfrogs
  A scorpion (D:5)
  3 wights (D:6)
  A killer bee (D:6)
  2 howler monkeys
  5 crimson imps
  A centaur zombie (D:5)
  A jelly (D:6)
  A bullfrog skeleton (D:6)
  A centaur skeleton (D:5)
  2 orc priests
  2 hounds (D:5)
  3 orc wizards
  3 iguanas
  3 worker ants
  8 adders
  A shadow imp (D:6)
  2 oozes
  2 worms
  An adder skeleton (D:5)
  An adder zombie (D:5)
  A dart slug (D:1)
  2 leopard geckos
  10 orcs
  A ball python (D:5)
  8 bats
  6 giant cockroaches
  5 goblins
  9 hobgoblins
  2 quokkas
  A frilled lizard (D:2)
  3 kobolds
  A quokka zombie (D:6)
  5 rats
107 creatures vanquished.

Notes
Turn   | Place    | Note
-------+----------+-------------------------------------------
     0 | D:1      | Oravi the Merfolk Transmuter began the quest for the Orb.
     0 | D:1      | Reached XP level 1. HP: 15/15 MP: 3/3
   152 | D:1      | Reached XP level 2. HP: 21/21 MP: 3/5
   642 | D:2      | Reached XP level 3. HP: 13/26 MP: 4/6
   649 | D:2      | Learned a level 2 spell: Sticks to Snakes
   653 | D:2      | Learned a level 3 spell: Spider Form
   816 | D:2      | Reached skill level 5 in Transmutations
  1113 | D:2      | Found a glowing golden altar of the Shining One.
  1198 | D:2      | Reached skill level 1 in Poison Magic
  1198 | D:2      | Reached XP level 4. HP: 30/32 MP: 3/7
  1273 | D:2      | Found a glowing silver altar of Zin.
  1377 | D:2      | Found an ornate altar of the Wu Jian Council.
  1583 | D:2      | Found an opulent altar of Gozag.
  1618 | D:3      | Found a shattered altar of Ashenzari.
  1859 | D:3      | Found an iron altar of Okawaru.
  1937 | D:3      | Found a shimmering altar of Xom.
  1948 | D:3      | Became a worshipper of Warmaster Okawaru
  2075 | D:3      | Noticed a bullfrog
  2085 | D:3      | Killed a bullfrog
  2085 | D:3      | Reached XP level 5. HP: 37/37 MP: 3/8
  2635 | D:3      | Reached skill level 4 in Unarmed Combat
  2635 | D:3      | Reached XP level 6. HP: 43/43 MP: 5/9
  2840 | D:4      | Found Hoduodd's General Store.
  2846 | D:4      | Bought a scroll of magic mapping for 38 gold pieces
  2871 | D:4      | Reached * piety under Okawaru
  3206 | D:4      | Found a runed door.
  3227 | D:4      | Reached skill level 5 in Unarmed Combat
  3316 | D:4      | Reached XP level 7. HP: 35/48 MP: 4/10
  3677 | D:4      | Reached skill level 5 in Dodging
  3677 | D:4      | Reached skill level 6 in Unarmed Combat
  3968 | D:5      | Entered Level 5 of the Dungeon
  4144 | D:5      | Found a hide-covered altar of Uskayaw.
  4289 | D:5      | Found a stormy altar of Qazlal.
  4401 | D:5      | Reached skill level 7 in Unarmed Combat
  4421 | D:5      | Reached XP level 8. HP: 51/54 MP: 9/11
  4463 | D:5      | Noticed a hippogriff
  4473 | D:5      | Killed a hippogriff
  4477 | D:5      | Reached skill level 8 in Unarmed Combat
  4592 | D:6      | Reached ** piety under Okawaru
  4659 | D:6      | Noticed kusayu's ghost (novice GrGl)
  5359 | D:6      | Found a bloodstained altar of Trog.
  5390 | D:6      | Reached skill level 9 in Unarmed Combat
  5543 | D:6      | Reached XP level 9. HP: 59/59 MP: 8/12
  5936 | D:6      | Slain by a yak

Vault maps used:
D:1:      lemuel_arrival_funnel, minmay_misc_feat_columns
D:2:      marbit_many_paths, zin_academy, lemuel_coloured_pillars_altar,
          nicolae_tso_carved_into_rock
D:3:      grunt_temple_overflow_open, overflow_temple_1_default,
          serial_co_window_serial, co_window_corner_a,
          co_window_of_opportunity_a, co_window_paths_b, co_window_paths_a,
          co_window_corner_a, co_window_corner_ca, co_window_2corner,
          co_window_2corner, glass_columns_b, glass_columns_b
D:4:      first_ration, serial_shops, nicolae_shop_trees,
          uniq_crazy_yiuf_cottage
D:5:      lemuel_doored_altar, kennysheep_mini_moat
D:6:      trog_butcher_becter
D:7:      minmay_temple_entry_grid, serial_glass, glass_columns_a,
          glass_columns_a

Skill      XL: |  1  2  3  4  5  6  7  8  9 |
---------------+----------------------------+-----
Transmutations | 3 4 5 6 |  6.0
Poison Magic   | 1 2 3 |  3.0
Dodging        | 3 4 5 7 8 |  8.3
Unarmed Combat | 4 5 7 9 |  9.8
Fighting       | |  1.1
Spellcasting   | |  2.4

Action                   |  1- 3 |  4- 6 |  7- 9 || total
-------------------------+-------+-------+-------++-------
Melee: Unarmed           |    75 |    92 |   194 ||   361
       Headbutt          |     7 |       |       ||     7
       Punch             |       |       |     1 ||     1
 Cast: Beastly Appendage |    11 |       |       ||    11
       Spider Form       |     7 |    26 |    25 ||    58
       Sticks to Snakes  |       |       |     4 ||     4
Invok: Heroism           |       |       |     4 ||     4
 Stab: Sleeping          |     2 |     2 |     2 ||     6
  Eat: Chunk             |     2 |    10 |     7 ||    19
       Ration            |       |       |     1 ||     1
Armor: Robe              |     6 |       |     1 ||     7
       Skin              |     2 |     7 |     6 ||    15
Dodge: Dodged            |    62 |    87 |   164 ||   313

Table legend:
 A = Spawn XP
 B = Non-spawn XP
 C = Spawn XP percentage of total XP
 D = Spawn monster count
 E = Non-spawn monster count
 F = Spawn count percentage of total count
 G = Total turns spent on level
                    A         B        C        D         E        F      G
               +---------+---------+-------+---------+---------+-------+---------
         Total |       0 |    2828 |   0.0 |       0 |     107 |   0.0 |  5936
               +---------+---------+-------+---------+---------+-------+---------
           D:1 |       0 |      32 |   0.0 |       0 |      13 |   0.0 |   630
           D:2 |       0 |      59 |   0.0 |       0 |      18 |   0.0 |   980
           D:3 |       0 |     253 |   0.0 |       0 |      22 |   0.0 |  1127
           D:4 |       0 |     478 |   0.0 |       0 |      14 |   0.0 |  1231
           D:5 |       0 |     793 |   0.0 |       0 |      15 |   0.0 |   596
           D:6 |       0 |     905 |   0.0 |       0 |      23 |   0.0 |  1313
           D:7 |       0 |     308 |   0.0 |       0 |       2 |   0.0 |    59
               +---------+---------+-------+---------+---------+-------+---------
